 Dungeon Crawl Stone Soup version 0.30-a0-23-ge60ba3568b (console) character file.

Game seed: 16810416997910371845

2677 jejorda2 the Basher (level 9, 0/109 HPs)
             Began as a Palentonga Berserker on Aug 24, 2022.
             Was an Elder of Trog.
             Succumbed to an orc warrior's poison
             ... on level 8 of the Dungeon.
             The game lasted 00:18:59 (6138 turns).

jejorda2 the Basher (Palentonga Berserker)          Turns: 6138, Time: 00:18:59

Health: 0/109      AC: 10    Str: 27    XL:     9   Next: 37%
Magic:  9/9        EV:  9    Int:  7    God:    Trog [****..]
Gold:   387        SH:  0    Dex: 10    Spells: 8/8 levels left

rFire   . . .      SeeInvis +    a - +0 flail (vamp)
rCold   . . .      Faith    .    (no shield)
rNeg    . . .      Spirit   .    n - +0 acid dragon scales
rPois   +          Reflect  .    (no helmet)
rElec   .          Harm     .    (no cloak)
rCorr   +          Rampage  .    q - +2 pair of gloves
Will    .....                    (no barding)
Stlth   ..........               (no amulet)
HPRegen 0.28/turn                f - ring of poison resistance
MPRegen 0.11/turn                l - +4 ring of slaying

@: berserking, lethally poisoned (0 -> -9), very quick
A: large, rugged brown scales 3, see invisible, deformed body, roll 1, armoured
tail, reflexive curl
a: Rolling Charge, Renounce Religion, Berserk, Trog's Hand, Brothers in Arms


You were on level 8 of the Dungeon.
You worshipped Trog.
Trog was greatly pleased with you.
You visited 1 branch of the dungeon, and saw 8 of its levels.

You collected 387 gold pieces.

Inventory:

Hand Weapons
 a - a +0 vampiric flail (weapon)
 i - the +4 whip "Pedewn" {vorpal, rPois rC+ Str+4 Dex+4}
   (You found it on level 6 of the Dungeon)

   It inflicts extra damage upon your enemies.
   Str:       It affects your strength (+4).
   Dex:       It affects your dexterity (+4).
   rC:        It protects you from cold.
   rPois:     It protects you from poison.
Missiles
 b - 7 poisoned darts
 u - 5 boomerangs
Armour
 k - a +0 chain mail
 n - +0 acid dragon scales (worn)
 q - a +2 pair of gloves (worn)
Jewellery
 c - a ring of ice
 f - a ring of poison resistance (left hand)
 h - a ring of protection from fire
 l - a +4 ring of slaying (right hand)
 o - a ring of positive energy
 z - a ring of flight
Wands
 x - a wand of polymorph (6)
 A - a wand of roots (8)
Scrolls
 m - a scroll of immolation
 t - a scroll of silence
 v - a scroll of poison
 D - a scroll of blinking
 E - a scroll of teleportation
Potions
 d - a potion of flight
 e - a potion of magic {unknown}
 g - 2 potions of attraction
 w - a potion of berserk rage
 B - 2 potions of mutation


   Skills:
 - Level 6.0 Fighting
 * Level 10.1 Maces & Flails
 + Level 5.9 Armour
 - Level 1.5 Dodging


You had 8 spell levels left.
You didn't know any spells.
Your spell library was empty.

Dungeon Overview and Level Annotations

Branches:
Dungeon (8/15)             Temple (0/1) D:5
   Lair: D:8-11

Altars:
Ashenzari
Elyvilon
Nemelex Xobeh
Vehumet
Yredelemnul

Shops:
D:1 (


Innate Abilities, Weirdness & Mutations

You are completely covered in rugged brown scales. (AC +3, +7% HP)
You have supernaturally acute eyesight. (SInv)
Armour fits poorly on your strangely shaped body.
You can roll at nearby foes to attack.
You have a long armoured tail.
You curl defensively after being hit. (AC +7*)


Message History

The orc warrior is moderately wounded.
You feel very sick. The orc hits you with a +6 war axe!
You hit the orc warrior but do no damage.
The orc warrior is moderately wounded.
You feel sick.
The orc warrior hits you with a +0 war axe of venom!
You are more poisoned.
The orc hits you with a +6 war axe.
* * * LOW HITPOINT WARNING * * *
A red film seems to cover your vision as you go berserk!
You feel yourself moving faster!
You feel mighty!
You feel very sick.
The orc warrior hits you with a +0 war axe of venom.
* * * LOW HITPOINT WARNING * * *
The orc hits you with a +6 war axe.
* * * LOW HITPOINT WARNING * * *
You barely miss the orc warrior.
The orc warrior is moderately wounded.
* * * LOW HITPOINT WARNING * * *
You feel sick.
The orc warrior hits you with a +0 war axe of venom.
* * * LOW HITPOINT WARNING * * *
You completely miss the orc warrior.
The orc warrior is moderately wounded.
* * * LOW HITPOINT WARNING * * *
You feel very sick. The orc closely misses you. The orc warrior misses you.
You bludgeon the orc warrior!!
You kill the orc warrior!
Trog accepts your kill.
* * * LOW HITPOINT WARNING * * *
You feel sick. The orc hits you with a +6 war axe.
* * * LOW HITPOINT WARNING * * *
You closely miss the orc. You tail-slap the orc!
You kill the orc!
Trog accepts your kill.
* * * LOW HITPOINT WARNING * * *
You feel sick.
You die...

+....'....#.....
###'###...'...>.
#.##.####...##...###...
#...........##...######
#...........#......#
+...........#......#
#....##....?#......#
##....##.(...+......#
#.....)@.....##....##
#.....)......##+####
#....)##.....# #.....
#.....# +..... #.......
#..... +........ #.....
#.......... ###...
#.......... #...
#..........


There were no monsters in sight!

Vanquished Creatures
  A steam dragon (D:8)
  A water moccasin (D:5)
  An ice beast (D:6)
  3 orc warriors (D:8)
  2 black bears
  A sky beast (D:8)
  A centaur (D:6)
  A necrophage (D:6)
  3 scorpions
  2 bullfrogs
  5 wights (D:7)
  5 killer bees (D:7)
  4 howler monkeys
  A jelly (D:7)
  A hound (D:7)
  4 orc priests
  3 iguanas
  7 orc wizards
  5 gnolls
  9 adders
  A white imp (D:6)
  A worm (D:3)
  4 dart slugs
  18 orcs
  10 bats
  9 endoplasms
  6 giant cockroaches
  5 goblins
  10 hobgoblins
  2 quokkas
  12 ball pythons
  2 frilled lizards
  3 kobolds
  10 rats
153 creatures vanquished.

Vanquished Creatures (others)
  An orc wizard (D:8)
1 creature vanquished.

Grand Total: 154 creatures vanquished

Notes
Turn   | Place    | Note
-------+----------+-------------------------------------------
     0 | D:1      | jejorda2 the Palentonga Berserker began the quest for the
                  | Orb.
     0 | D:1      | Reached XP level 1. HP: 19/19 MP: 1/1
   251 | D:1      | Reached XP level 2. HP: 19/25 MP: 2/2
   348 | D:1      | Found Kaptae's Weapon Boutique.
   765 | D:1      | Reached XP level 3. HP: 28/31 MP: 3/3
  1228 | D:1      | Reached ** piety under Trog
  1443 | D:2      | Reached skill level 4 in Maces & Flails
  1530 | D:2      | Found a faded altar of an unknown god.
  1606 | D:2      | Reached XP level 4. HP: 37/37 MP: 4/4
  2035 | D:3      | Found a white marble altar of Elyvilon.
  2876 | D:3      | Reached XP level 5. HP: 30/44 MP: 5/5
  3193 | D:4      | Reached skill level 5 in Maces & Flails
  3273 | D:4      | Reached *** piety under Trog
  3396 | D:4      | Found a radiant altar of Vehumet.
  3396 | D:4      | Found a basalt altar of Yredelemnul.
  3641 | D:4      | Reached XP level 6. HP: 51/51 MP: 6/6
  3676 | D:5      | Entered Level 5 of the Dungeon
  3932 | D:5      | Reached skill level 6 in Maces & Flails
  3932 | D:5      | Gained mutation: You curl defensively after being hit. (AC
                  | +7*) [Palentonga growth]
  3932 | D:5      | Reached XP level 7. HP: 58/58 MP: 7/7
  3938 | D:5      | Found a staircase to the Ecumenical Temple.
  4130 | D:5      | HP: 4/87 [poisoned by a water moccasin]
  4320 | D:6      | Reached skill level 5 in Fighting
  4614 | D:6      | Reached skill level 7 in Maces & Flails
  4618 | D:6      | Identified the +4 whip "Pedewn" {vorpal, rPois rC+ Str+4
                  | Dex+4}
  4686 | D:6      | Reached XP level 8. HP: 67/67 MP: 8/8
  4801 | D:6      | Found a sparkling altar of Nemelex Xobeh.
  5179 | D:7      | Reached skill level 8 in Maces & Flails
  5347 | D:7      | HP: 3/68 [poisoned by a killer bee]
  5348 | D:7      | HP: 1/68 [poisoned by a killer bee]
  5530 | D:7      | Reached skill level 5 in Armour
  5543 | D:7      | Reached skill level 9 in Maces & Flails
  5693 | D:7      | Reached XP level 9. HP: 73/73 MP: 9/9
  5714 | D:7      | Found a broken altar of Ashenzari.
  5985 | D:8      | Reached **** piety under Trog
  6128 | D:8      | Reached skill level 10 in Maces & Flails
  6136 | D:8      | HP: 5/109 [poisoned by an orc warrior]
  6136 | D:8      | HP: 1/109 [orc/+6 war axe (4)]
  6138 | D:8      | Succumbed to an orc warrior's poison

Illustrated notes

Levels and vault maps discovered:
D:1:      heliophobic_arrival_battle_scene, layout_basic, serial_shops, shop,
          dk_noncrumbling_3
D:2:      layout_loops_ring, basic_ecumenical_altar
D:3:      layout_basic, mainiacjoe_overflow_boulevard
D:4:      minmay_door_path, layout_rooms, gammafunk_temple_overflow_pools
D:5:      layout_rooms, minmay_temple_entry_drinking_statues
D:6:      layout_basic, nemelex_altar_shiori
D:7:      layout_rooms, nicolae_ashenzari_panopticon
D:8:      layout_gridville

Skill      XL: |  1  2  3  4  5  6  7  8  9 |
---------------+----------------------------+-----
Armour         | 2 3 4 5 |  5.9
Maces & Flails | 4 5 6 7 9 10 | 10.1
Fighting       | 4 5 6 |  6.0
Dodging        | |  1.5

Action                   |  1- 3 |  4- 6 |  7- 9 || total
-------------------------+-------+-------+-------++-------
Melee: Mace              |    94 |    47 |       ||   141
       Tailslap          |    13 |    13 |    21 ||    47
       Flail             |       |    79 |   157 ||   236
Invok: Berserk           |     1 |     4 |     5 ||    10
       Trog's Hand       |       |     1 |       ||     1
 Abil: Rolling Charge    |    31 |    35 |    23 ||    89
Evoke: Wand              |       |       |     2 ||     2
  Use: Scroll            |       |       |    13 ||    13
       Potion            |       |       |     9 ||     9
Armor: Animal skin       |    17 |       |       ||    17
       Leather armour    |    15 |       |       ||    15
       Ring mail         |       |    32 |    22 ||    54
       Skin              |       |       |     3 ||     3
       Scale mail        |       |       |    59 ||    59
       Acid dragon scale |       |       |    18 ||    18
Dodge: Dodged            |    38 |    49 |    87 ||   174

Table legend: (Time is in decaauts)
 A = Elapsed time spent in this place.
 B = Non-inter-level travel time spent in this place.
 C = Inter-level travel time spent in this place.
 D = Time resting spent in this place.
 E = Time spent auto-exploring this place.
 F = Levels seen in this place.
 G = Mean time per level.
                   A        B        C        D        E       F      G
               +--------+--------+--------+--------+--------+-----+--------+
         Total |   6245 |   5957 |    288 |    497 |   4379 |   8 |  780.6 |
       Dungeon |   6245 |   5957 |    288 |    497 |   4379 |   8 |  780.6 |
               +--------+--------+--------+--------+--------+-----+--------+

Top non-repeatable levels by time:
     D:1: 1316 daAuts
     D:2: 935 daAuts
     D:7: 929 daAuts
     D:3: 892 daAuts
     D:6: 725 daAuts
     D:5: 685 daAuts
     D:4: 621 daAuts
     D:8: 140 daAuts
